[Event "Titled Tuesday Blitz June 20 Late 2023"]
[White "TimGrutter03"]
[Black "Yoo, Christopher Woojin"]
[BlackFideId "30909694"]
[WhiteElo "2623"]
[BlackElo "2528"]
[Result "0-1"]
[Round "5"]
[TimeControl "180+2"]
[Date "2023.06.20"]
[WhiteClock "0:00:00"]
[BlackClock "0:00:03"]
[Board "5"]

1. e4 e6 2. d4 d5 3. Nc3 Nf6 4. Bg5 dxe4 5. Nxe4 Be7 6. Nxf6+ Bxf6 7. Bxf6 Qxf6 8. Bd3 O-O 9. Nf3 c5 10. dxc5 Qxb2 11. O-O Nd7 12. c6 bxc6 13. Be4 Nf6 14. Bxc6 Ba6 15. Bxa8 Bxf1 16. Qxf1 Rxa8 17. c4 Ne4 18. h3 Rc8 19. a4 Qb4 20. Qd3 Qxc4 21. Qxc4 Rxc4 22. Rb1 g5 23. a5 Rc5 24. a6 Ra5 25. Rb8+ Kg7 26. Rb4 Nf6 27. Rc4 h5 28. Rc7 g4 29. hxg4 hxg4 30. Nd4 Rxa6 31. Nc6 Nd5 32. Rc8 Nf4 33. Rc7 Kf6 34. Nxa7 Nd5 0-1


[Site "https://www.chess.com"]

[Event "Titled Tuesday Blitz June 20 Late 2023"]
[White "Firouzja, Alireza"]
[Black "Jaracz, Pawel"]
[WhiteFideId "12573981"]
[BlackFideId "1102222"]
[WhiteElo "2896"]
[BlackElo "2454"]
[Result "1-0"]
[Round "5"]
[TimeControl "180+2"]
[Date "2023.06.20"]
[WhiteClock "0:01:38"]
[BlackClock "0:00:08"]
[Board "6"]

1. d4 Nf6 2. Bg5 Ne4 3. Bf4 e6 4. f3 Nf6 5. e4 d5 6. Nc3 Be7 7. Bd3 c5 8. dxc5 Nc6 9. Qd2 Bxc5 10. exd5 Nxd5 11. O-O-O Bb4 12. Nge2 Qa5 13. a3 Nxc3 14. Nxc3 Bxc3 15. Qxc3 Qxc3 16. bxc3 O-O 17. Bd6 Rd8 18. Be4 Bd7 19. Bc7 f5 20. Bxc6 bxc6 21. Bxd8 Rxd8 22. Rd4 Kf7 23. Rhd1 Ke7 24. Rb4 a5 25. Rb7 a4 26. c4 c5 27. Rc7 g5 28. Rxc5 1-0


[Site "https://www.chess.com"]

[Event "Titled Tuesday Blitz June 20 Late 2023"]
[White "Paravyan, David"]
[Black "Erdogmus, Yagiz Kaan"]
[WhiteFideId "4194985"]
[BlackFideId "44599790"]
[WhiteElo "2563"]
[BlackElo "2359"]
[Result "1-0"]
[Round "5"]
[TimeControl "180+2"]
[Date "2023.06.20"]
[WhiteClock "0:00:04"]
[BlackClock "0:00:06"]
[Board "7"]

1. e4 c5 2. Nf3 d6 3. d4 cxd4 4. Nxd4 Nf6 5. Nc3 a6 6. Bd3 e5 7. Nde2 Be7 8. O-O O-O 9. Ng3 Be6 10. Nd5 Bxd5 11. exd5 g6 12. a4 Nbd7 13. a5 Rc8 14. c4 Ne8 15. Bh6 Ng7 16. b4 f5 17. Qd2 e4 18. Be2 Ne5 19. Rac1 Nf7 20. Be3 Bg5 21. c5 Bxe3 22. fxe3 dxc5 23. bxc5 Ne6 24. Nxe4 fxe4 25. Bg4 Nxc5 26. Bxc8 Nb3 27. Qf2 Nxc1 28. Be6 Nd3 29. Qd2 Kg7 30. Rb1 Nd6 31. Qc3+ Qf6 32. Qc7+ Kh8 33. h3 Qf2+ 34. Kh1 Qg3 35. Qe7 Nf2+ 36. Kg1 Nxh3+ 37. Bxh3 Qxe3+ 38. Kh1 Qf4 39. Re1 Qf2 40. Re2 Qf1+ 41. Kh2 Qf4+ 42. g3 Qf6 43. Qxf6+ Rxf6 44. Be6 Rf3 45. Rc2 Ra3 46. Rc7 e3 47. Kg2 Ra2+ 48. Kf3 e2 49. Kf2 Ne4+ 50. Ke1 Nxg3 51. Rc1 Rxa5 52. d6 Rh5 53. d7 Rh1+ 54. Kd2 Rxc1 55. d8=Q+ Kg7 56. Qe7+ Kh6 57. Qh4+ Kg7 58. Qd4+ Kf8 59. Qf6+ Ke8 60. Qf7+ Kd8 61. Qd7# 1-0


[Site "https://www.chess.com"]

[Event "Titled Tuesday Blitz June 20 Late 2023"]
[White "Elsa167"]
[Black "Terry, Renato"]
[BlackFideId "3803457"]
[WhiteElo "2829"]
[BlackElo "2575"]
[Result "0-1"]
[Round "5"]
[TimeControl "180+2"]
[Date "2023.06.20"]
[WhiteClock "0:00:00"]
[BlackClock "0:00:15"]
[Board "8"]

1. d4 e6 2. e4 d5 3. exd5 exd5 4. Nf3 Nc6 5. Bb5 Bd6 6. O-O Ne7 7. Re1 O-O 8. h3 Bf5 9. c3 a6 10. Bd3 Qd7 11. Bg5 f6 12. Bh4 Rae8 13. Bg3 Bxg3 14. fxg3 Bxd3 15. Qxd3 Nf5 16. g4 Rxe1+ 17. Nxe1 Re8 18. Nd2 Nd6 19. Nef3 Nd8 20. g5 fxg5 21. Nxg5 Qf5 22. Qxf5 Nxf5 23. Rf1 Ng3 24. Rd1 Re2 25. Ngf3 Ne4 26. Kf1 Ng3+ 27. Kg1 Ne6 28. Re1 Nf4 29. Rxe2 Ngxe2+ 30. Kf1 Nc1 31. a3 Ncd3 32. b4 Nb2 33. Ne1 Kf7 34. Kf2 g5 35. Kf3 Kf6 36. h4 h6 37. hxg5+ hxg5 38. g3 Nh5 39. Nf1 Na4 40. Kg4 Kg6 41. Ne3 Nxc3 42. Nd3 Nf6+ 43. Kf3 Nb5 44. Ne5+ Kh7 45. Nc2 Kg7 46. a4 Nc3 47. a5 Nb5 48. Ke3 Kf8 49. Kd3 Ke7 50. Ne3 Ke6 51. g4 Nd6 52. Nf3 Nfe4 53. Ne5 Ne8 54. Nf3 N8f6 55. Ne5 c6 56. Nf3 Nf2+ 57. Ke2 N2e4 58. Kd3 Kd6 59. Ne5 Ke7 60. Nf3 Ne8 61. Ne5 Nc7 62. Nf5+ Kf6 63. Nd7+ Ke6 64. Nc5+ Nxc5+ 65. bxc5 Ne8 66. Ke3 Nf6 67. Kf3 Ne4 68. Ke3 Kd7 69. Kf3 Nd2+ 70. Ke3 Nc4+ 71. Kd3 Nxa5 72. Nd6 Ke6 73. Kc3 b5 74. Kb4 Nc4 75. Nb7 Kd7 0-1


[Site "https://www.chess.com"]

[Event "Titled Tuesday Blitz June 20 Late 2023"]
[White "Cardoso Cardoso, Jose Gabriel"]
[Black "Hakobyan, Aram"]
[WhiteFideId "4430492"]
[BlackFideId "13306677"]
[WhiteElo "2484"]
[BlackElo "2584"]
[Result "1-0"]
[Round "5"]
[TimeControl "180+2"]
[Date "2023.06.20"]
[WhiteClock "0:02:24"]
[BlackClock "0:02:57"]
[Board "9"]

1. e4 c5 2. Nf3 d6 3. d4 cxd4 4. Nxd4 Nf6 5. Nc3 a6 6. Bg5 e6 7. f4 h6 8. Bh4 Qb6 9. Qd2 Qxb2 10. Rb1 Qa3 11. e5 dxe5 12. fxe5 Nd5 13. Nxd5 exd5 14. e6 Bxe6 15. Nxe6 fxe6 16. Bd3 Nd7 17. Bg6# 1-0


[Site "https://www.chess.com"]

[Event "Titled Tuesday Blitz June 20 Late 2023"]
[White "Bordi, Kevin"]
[Black "Rasulov, Vugar"]
[WhiteFideId "621862"]
[BlackFideId "13402390"]
[WhiteElo "2802"]
[BlackElo "2509"]
[Result "1/2-1/2"]
[Round "5"]
[TimeControl "180+2"]
[Date "2023.06.20"]
[WhiteClock "0:00:18"]
[BlackClock "0:00:07"]
[Board "10"]

1. e4 e5 2. Nf3 Nc6 3. d4 exd4 4. Nxd4 Qf6 5. c3 Bc5 6. Be3 Nge7 7. g3 d5 8. Bg2 Bxd4 9. cxd4 dxe4 10. Nc3 O-O 11. Nxe4 Qg6 12. O-O Bg4 13. Qb3 b6 14. Rac1 Rad8 15. Qa3 Nd5 16. Nc3 Be6 17. Nb5 Bf5 18. Nxc7 Be4 19. Nxd5 Bxd5 20. Bxd5 Rxd5 21. Qa4 Rd6 22. Bf4 Nxd4 23. Bxd6 Qe4 24. Qxd4 Qxd4 25. Bxf8 Kxf8 26. Rc7 a5 27. Re1 g6 28. Ree7 Qd1+ 29. Kg2 Qd5+ 30. Kg1 Qxa2 31. h4 a4 32. Ra7 Qb3 33. Reb7 b5 34. g4 Qc4 35. g5 Kg7 36. Rc7 Qb3 37. Rd7 b4 38. Ra8 Qe6 39. Rdd8 Qg4+ 40. Kf1 Qh3+ 41. Kg1 Qg4+ 42. Kf1 Qc4+ 43. Kg1 Qg4+ 1/2-1/2


[Site "https://www.chess.com"]

[Event "Titled Tuesday Blitz June 20 Late 2023"]
[White "Anton Guijarro, David"]
[Black "Sattarov, Bobir"]
[WhiteFideId "2285525"]
[BlackFideId "14203081"]
[WhiteElo "2618"]
[BlackElo "2351"]
[Result "1-0"]
[Round "5"]
[TimeControl "180+2"]
[Date "2023.06.20"]
[WhiteClock "0:00:45"]
[BlackClock "0:00:21"]
[Board "11"]

1. Nf3 d5 2. c4 e6 3. g3 Nf6 4. Bg2 dxc4 5. Qa4+ Nbd7 6. Qxc4 c5 7. d3 b6 8. Nd4 Ne5 9. Nc6 Nxc6 10. Bxc6+ Bd7 11. Bxa8 Qxa8 12. O-O h5 13. Bg5 Ng4 14. h4 f6 15. Bf4 e5 16. Bd2 g5 17. f3 Nh6 18. Qe4 Qb8 19. Qg6+ Nf7 20. hxg5 h4 21. Nc3 c4 22. Ne4 Bc5+ 23. Nxc5 bxc5 24. Qxf6 e4 25. Bf4 1-0


[Site "https://www.chess.com"]

[Event "Titled Tuesday Blitz June 20 Late 2023"]
[White "Eljanov, Pavel"]
[Black "Leitao, Rafael"]
[WhiteFideId "14102951"]
[BlackFideId "2101246"]
[WhiteElo "2598"]
[BlackElo "2609"]
[Result "1/2-1/2"]
[Round "5"]
[TimeControl "180+2"]
[Date "2023.06.20"]
[WhiteClock "0:00:11"]
[BlackClock "0:00:06"]
[Board "12"]

1. d4 Nf6 2. c4 g6 3. Nc3 Bg7 4. e4 d6 5. Be2 O-O 6. Be3 e5 7. d5 a5 8. g4 Na6 9. g5 Nd7 10. Nf3 Ndc5 11. h4 c6 12. Nd2 f5 13. a3 Bd7 14. f3 cxd5 15. cxd5 a4 16. Nc4 Qc7 17. O-O b5 18. Nd2 b4 19. Na2 Rab8 20. Rc1 bxa3 21. bxa3 Bb5 22. Nb4 Bxe2 23. Qxe2 Nxb4 24. axb4 Rxb4 25. Bxc5 dxc5 26. Nc4 Qd7 27. Kg2 Rfb8 28. d6 Rb3 29. Qd1 Kh8 30. Qd5 fxe4 31. Qxe4 a3 32. Rf2 Rf8 33. Rd1 Rbb8 34. Nxe5 Qe6 35. Nc4 Qxe4 36. fxe4 Rxf2+ 37. Kxf2 a2 38. d7 a1=Q 39. Rxa1 Bxa1 40. e5 Kg7 41. e6 Kf8 42. Na5 Ke7 43. Nc6+ Kxe6 44. Nxb8 Ke7 45. Ke3 Bd4+ 46. Ke4 Bf2 47. Kd5 c4 48. Nc6+ Kxd7 49. Ne5+ Ke7 50. Nc6+ Kf8 51. Kxc4 Bxh4 52. Nd4 Bxg5 53. Ne6+ Kf7 54. Nxg5+ Kf6 55. Nxh7+ Kf5 56. Kd5 g5 57. Nxg5 1/2-1/2


[Site "https://www.chess.com"]

[Event "Titled Tuesday Blitz June 20 Late 2023"]
[White "Bryakin, Mikhail"]
[Black "Henriquez Villagra, Cristobal"]
[WhiteFideId "4165314"]
[BlackFideId "3409350"]
[WhiteElo "2464"]
[BlackElo "2542"]
[Result "1-0"]
[Round "5"]
[TimeControl "180+2"]
[Date "2023.06.20"]
[WhiteClock "0:00:13"]
[BlackClock "0:00:03"]
[Board "13"]

1. e4 d6 2. d4 Nf6 3. Nc3 e5 4. dxe5 dxe5 5. Qxd8+ Kxd8 6. Bg5 Nd7 7. f3 h6 8. Bh4 Bb4 9. Ne2 c6 10. a3 Bd6 11. O-O-O Kc7 12. Bf2 b5 13. h4 g6 14. g4 Nb6 15. Ng3 Be7 16. h5 g5 17. Nf5 Bxf5 18. exf5 a6 19. Ne4 Nbd7 20. Nxf6 Nxf6 21. Bd3 Rhd8 22. Be4 Ne8 23. Rxd8 Rxd8 24. Rd1 Nd6 25. Rd3 f6 26. Bc5 Nc8 27. Rxd8 Kxd8 28. Bxe7+ Nxe7 29. b4 Kc7 30. c3 Kb6 31. Kd2 Nc8 32. Kc2 a5 33. bxa5+ Kxa5 34. Bxc6 Kb6 35. Be4 Kc5 36. Kb3 Nb6 37. Bd3 Na4 38. Be2 Nb6 39. Bd3 Kc6 40. c4 bxc4+ 41. Bxc4 Kc5 42. Bd3 Na8 43. a4 Nc7 44. a5 Nd5 45. a6 Kb6 46. Kc4 Nf4 47. Be4 Kxa6 48. Kc5 Ka5 49. Kd6 Kb4 50. Ke7 1-0


[Site "https://www.chess.com"]

[Event "Titled Tuesday Blitz June 20 Late 2023"]
[White "Riehle, Marco"]
[Black "Saric, Ivan"]
[WhiteFideId "12904392"]
[BlackFideId "14508150"]
[WhiteElo "2462"]
[BlackElo "2576"]
[Result "1-0"]
[Round "5"]
[TimeControl "180+2"]
[Date "2023.06.20"]
[WhiteClock "0:00:36"]
[BlackClock "0:00:00"]
[Board "14"]

1. e4 g6 2. d4 d6 3. c4 Bg7 4. Nc3 Nf6 5. f3 O-O 6. Be3 a6 7. Qd2 Nbd7 8. h4 h5 9. O-O-O b5 10. Nge2 Bb7 11. Nf4 e5 12. Nfd5 exd4 13. Bxd4 Ne5 14. Kb1 bxc4 15. Bxe5 dxe5 16. Bxc4 Nxd5 17. Bxd5 c6 18. Bc4 Qxd2 19. Rxd2 Rfd8 20. Rhd1 Rxd2 21. Rxd2 Rf8 22. Rd7 Bc8 23. Rc7 Bf6 24. Bxf7+ Rxf7 25. Rxc8+ Kg7 26. Rxc6 Bxh4 27. Rxa6 g5 28. Re6 Bg3 29. Nd5 g4 30. fxg4 Rf1+ 31. Kc2 h4 32. Ne3 Rf2+ 33. Kd3 Rxb2 34. g5 Bf4 35. Nf5+ Kf7 36. Rf6+ Kg8 37. Ne7+ Kg7 38. Nf5+ Kg8 39. g6 Rxg2 40. Ne7+ Kg7 41. Rf7+ Kh6 42. Nf5+ Kg5 43. g7 Kh5 44. Rf8 h3 45. Rh8+ Kg4 46. g8=Q+ Kf3 47. Rxh3+ 1-0


[Site "https://www.chess.com"]

[Event "Titled Tuesday Blitz June 20 Late 2023"]
[White "Zakhartsov, Vladimir"]
[Black "Turayev, Shahruh"]
[WhiteFideId "4145097"]
[BlackFideId "14003856"]
[WhiteElo "2508"]
[BlackElo "2113"]
[Result "1-0"]
[Round "5"]
[TimeControl "180+2"]
[Date "2023.06.20"]
[WhiteClock "0:01:46"]
[BlackClock "0:00:24"]
[Board "15"]

1. d4 d5 2. c4 e6 3. Nf3 Nf6 4. g3 dxc4 5. Bg2 Nc6 6. Qa4 Bb4+ 7. Bd2 Nd5 8. Bxb4 Nxb4 9. O-O O-O 10. a3 Nd5 11. Qxc4 Nb6 12. Qc3 a5 13. b3 Ne7 14. Nbd2 Ng6 15. Nc4 Nxc4 16. bxc4 Bd7 17. e4 c6 18. c5 b5 19. cxb6 Qxb6 20. Rab1 Qc7 21. h4 Rfb8 22. h5 Ne7 23. Qc5 Be8 24. h6 gxh6 25. Ne5 Ng6 26. Ng4 Kg7 27. Qh5 Qe7 28. Qxh6+ Kg8 29. e5 Nf8 30. Nf6+ Kh8 31. Be4 1-0


[Site "https://www.chess.com"]

[Event "Titled Tuesday Blitz June 20 Late 2023"]
[White "Suarez Uriel, Adrian"]
[Black "Rustemov, Alexander"]
[WhiteFideId "22230874"]
[BlackFideId "4119002"]
[WhiteElo "2331"]
[BlackElo "2873"]
[Result "0-1"]
[Round "5"]
[TimeControl "180+2"]
[Date "2023.06.20"]
[WhiteClock "0:00:00"]
[BlackClock "0:00:16"]
[Board "16"]

1. e4 e6 2. d4 d5 3. e5 c5 4. c3 Qb6 5. Nf3 Bd7 6. Bd3 cxd4 7. cxd4 Nc6 8. Bc2 Nge7 9. O-O Nb4 10. Bb3 Qa6 11. Nc3 Nd3 12. Qe2 Nxc1 13. Qxa6 bxa6 14. Raxc1 Nc8 15. Na4 Be7 16. Nc5 a5 17. Na6 Kd8 18. a4 Nb6 19. Nc5 Bxc5 20. Rxc5 Bxa4 21. Ba2 Bd7 22. Rxa5 Ke7 23. Nd2 Rhc8 24. Rc5 Na4 25. Rxc8 Rxc8 26. Bb3 Nxb2 27. Ra1 Rc7 28. Kf1 Nd3 29. Ke2 Nb4 30. Ba4 Bxa4 31. Rxa4 Nc6 32. Nb3 f6 33. Ke1 fxe5 34. dxe5 Nxe5 35. Nd4 Kf6 36. Ra6 Re7 37. Ke2 g5 38. f3 Nc4 39. Nc6 Rb7 0-1


[Site "https://www.chess.com"]

[Event "Titled Tuesday Blitz June 20 Late 2023"]
[White "Danielyan, Vahe"]
[Black "Kramnik, Vladimir"]
[WhiteFideId "13304828"]
[BlackFideId "4101588"]
[WhiteElo "2423"]
[BlackElo "2703"]
[Result "0-1"]
[Round "5"]
[TimeControl "180+2"]
[Date "2023.06.20"]
[WhiteClock "0:00:00"]
[BlackClock "0:00:27"]
[Board "17"]

1. e4 c5 2. Nc3 e6 3. Nf3 Nc6 4. Bb5 Nge7 5. O-O a6 6. Bxc6 Nxc6 7. d4 cxd4 8. Nxd4 Qc7 9. Re1 Nxd4 10. Qxd4 f6 11. Be3 b5 12. Rad1 Be7 13. a4 b4 14. Na2 Rb8 15. Qd3 O-O 16. Nc1 Rd8 17. Nb3 a5 18. Nd4 Bb7 19. Nb5 Qc6 20. Bf4 e5 21. Bc1 d5 22. Qb3 Qc4 23. Qxc4 dxc4 24. f3 Bc6 25. Rxd8+ Rxd8 26. Be3 Rb8 27. Rd1 Kf8 28. b3 cxb3 29. cxb3 Bxb5 30. axb5 Rxb5 31. Rd7 a4 32. bxa4 Ra5 33. Rb7 Rxa4 34. g4 Ra2 35. h4 Ke8 36. h5 h6 37. Bf2 Rc2 38. Be1 Rb2 39. Kf1 b3 0-1


[Site "https://www.chess.com"]

[Event "Titled Tuesday Blitz June 20 Late 2023"]
[White "Grischuk, Alexander"]
[Black "Bolourchifard, Farzad"]
[WhiteFideId "4126025"]
[BlackFideId "12510084"]
[WhiteElo "2721"]
[BlackElo "2317"]
[Result "1-0"]
[Round "5"]
[TimeControl "180+2"]
[Date "2023.06.20"]
[WhiteClock "0:00:20"]
[BlackClock "0:00:01"]
[Board "18"]

1. Nf3 d5 2. d4 Nf6 3. Bg5 e6 4. Nbd2 Be7 5. e3 Nbd7 6. Bd3 O-O 7. h4 c5 8. c3 b6 9. Ne5 Bb7 10. Qf3 Qc7 11. Nxd7 Qxd7 12. Rh3 Kh8 13. Kf1 Ng8 14. Kg1 f5 15. Qg3 Bd6 16. Bf4 Rad8 17. Nf3 Nf6 18. Ne5 Qc7 19. h5 Bxe5 20. Bxe5 Qf7 21. Qh4 Ng4 22. Bf4 h6 23. f3 Nf6 24. Be5 Rd7 25. Rf1 Nh7 26. Rg3 Rg8 27. Rg6 Nf6 28. g4 Rf8 29. gxf5 Re7 30. Bxf6 gxf6 31. Rxh6+ Kg8 32. Kf2 1-0


[Site "https://www.chess.com"]

[Event "Titled Tuesday Blitz June 20 Late 2023"]
[White "Salimova, Nurgyul"]
[Black "Andreikin, Dmitry"]
[WhiteFideId "2915138"]
[BlackFideId "4158814"]
[WhiteElo "2343"]
[BlackElo "2736"]
[Result "1-0"]
[Round "5"]
[TimeControl "180+2"]
[Date "2023.06.20"]
[WhiteClock "0:00:47"]
[BlackClock "0:00:59"]
[Board "20"]

1. e4 c5 2. Nf3 a6 3. c4 Nc6 4. d4 cxd4 5. Nxd4 e5 6. Nf5 d5 7. cxd5 Bxf5 8. exf5 Nd4 9. Bd3 Nf6 10. O-O Qxd5 11. Nc3 Qc6 12. Bg5 O-O-O 13. Rc1 Kb8 14. Nb5 Qb6 15. Nxd4 Qxd4 16. Qb3 Qb4 17. Bc4 Qxb3 18. Bxb3 Rd7 19. Rfd1 Rxd1+ 20. Rxd1 Bc5 21. Bxf6 gxf6 22. Rd7 Rc8 23. Rxf7 Bd4 24. g4 Rc1+ 25. Kg2 Rb1 26. g5 fxg5 27. Rd7 Rxb2 28. Rxd4 exd4 29. f6 1-0


[Site "https://www.chess.com"]

[Event "Titled Tuesday Blitz June 20 Late 2023"]
[White "Bortnyk, Mykola"]
[Black "Sun, Rick"]
[WhiteFideId "14120836"]
[BlackFideId "30909481"]
[WhiteElo "2592"]
[BlackElo "2169"]
[Result "1-0"]
[Round "5"]
[TimeControl "180+2"]
[Date "2023.06.20"]
[WhiteClock "0:01:09"]
[BlackClock "0:00:05"]
[Board "21"]

1. d4 d6 2. e3 Nf6 3. Bd3 g6 4. c4 Bg7 5. Nc3 O-O 6. f4 Nc6 7. d5 Nb4 8. Nf3 Nxd3+ 9. Qxd3 e5 10. fxe5 dxe5 11. e4 Nh5 12. O-O f5 13. Bg5 Qe8 14. Rae1 h6 15. Bd2 Kh7 16. Nb5 Qe7 17. a3 a6 18. Bb4 Qf7 19. Bxf8 Qxf8 20. Nc3 Nf4 21. Qe3 fxe4 22. Nxe4 Bf5 23. Ng3 Re8 24. Nxf5 gxf5 25. g3 Ng6 26. Kh1 Qd6 27. b4 b6 28. Rd1 Rf8 29. c5 bxc5 30. bxc5 Qd8 31. d6 f4 32. Qe4 fxg3 33. hxg3 Qd7 34. Kg2 Rf4 35. gxf4 Qg4+ 36. Kf2 exf4 37. Rg1 Qh5 38. Qxg6+ Qxg6 39. Rxg6 Kxg6 40. dxc7 1-0


[Site "https://www.chess.com"]

[Event "Titled Tuesday Blitz June 20 Late 2023"]
[White "Leon Oquendo, Jorge"]
[Black "Zhigalko, Sergei"]
[WhiteFideId "3514803"]
[BlackFideId "13502956"]
[WhiteElo "2276"]
[BlackElo "2626"]
[Result "1-0"]
[Round "5"]
[TimeControl "180+2"]
[Date "2023.06.20"]
[WhiteClock "0:00:12"]
[BlackClock "0:00:00"]
[Board "22"]

1. d4 Nf6 2. c4 e6 3. Nc3 Bb4 4. f3 d5 5. a3 Be7 6. e4 dxe4 7. fxe4 e5 8. d5 O-O 9. Nf3 Bg4 10. Be3 Nbd7 11. Be2 a5 12. O-O Bxf3 13. Bxf3 Bc5 14. Bf2 Ne8 15. Rb1 Bxf2+ 16. Rxf2 Nd6 17. Qf1 a4 18. Bd1 Nc5 19. Bc2 Qg5 20. Qe2 b6 21. Rbf1 h5 22. Rf3 h4 23. Kh1 Ra5 24. R3f2 Raa8 25. Rf3 Qh5 26. R1f2 g6 27. Qf1 Qg5 28. g3 h3 29. Kg1 Qg4 30. Qe2 Qg5 31. Rf1 Qg4 32. Re1 Ra5 33. Bd1 Qg5 34. Rf2 Nb3 35. Bxb3 axb3 36. Qf1 Rc5 37. Qxh3 Rxc4 38. Qf1 Rd4 39. Kg2 Nc4 40. Qe2 Nd6 41. Qf3 Ra8 42. Ref1 Ra5 43. Qe2 Qe7 44. h4 Rc5 45. h5 Qg5 46. hxg6 Qxg6 47. Kg1 Nxe4 48. Nxe4 Rxe4 49. Qa6 Rg4 50. Qc8+ Kh7 51. Rxf7+ Kh6 52. Qh8+ Kg5 53. Rg7 Rxg3+ 54. Kh2 Rg4 55. Rxg6+ Kxg6 56. Qg8+ Kh5 57. Rf5+ Kh6 58. Qxg4 Rc2+ 59. Kh3 Rh2+ 60. Kxh2 1-0


[Site "https://www.chess.com"]

[Event "Titled Tuesday Blitz June 20 Late 2023"]
[White "Martinez Ramirez, Lennis"]
[Black "Xiong, Jeffery"]
[WhiteFideId "3509079"]
[BlackFideId "2047640"]
[WhiteElo "2410"]
[BlackElo "2726"]
[Result "0-1"]
[Round "5"]
[TimeControl "180+2"]
[Date "2023.06.20"]
[WhiteClock "0:00:00"]
[BlackClock "0:02:28"]
[Board "23"]

1. Nf3 c5 2. e4 d6 3. Bb5+ Nc6 4. O-O Bd7 5. Re1 Nf6 6. c3 a6 7. Bf1 Bg4 8. h3 Bxf3 9. Qxf3 e6 10. d3 Be7 11. Nd2 O-O 12. g3 b5 13. a4 Rb8 14. axb5 axb5 15. Bg2 Nd7 16. Qe2 Bf6 17. f4 Qc7 18. g4 g6 19. g5 Bg7 20. Nf3 b4 21. Bd2 bxc3 22. bxc3 Rb2 23. Reb1 Rfb8 24. Qd1 Qb6 25. Rxb2 Qxb2 26. Rc1 Rb3 27. Rc2 Qa3 28. Qc1 Qxc1+ 29. Rxc1 Nb6 30. Bf1 Na4 31. c4 Nd4 32. Ne1 Rb2 33. Be3 Nb3 34. Rc2 Rb1 35. Kf2 Bd4 36. Ng2 Nc3 37. Bxd4 cxd4 38. Be2 Nc5 39. Rd2 N5xe4+ 40. dxe4 Nxe4+ 41. Kf3 Nxd2+ 42. Kg3 Rb3+ 43. Kf2 d3 44. Bd1 Rb2 45. Ne1 Nxc4+ 46. Kf3 Rb1 0-1


[Site "https://www.chess.com"]

[Event "Titled Tuesday Blitz June 20 Late 2023"]
[White "Tari, Aryan"]
[Black "Korchmar, Vasiliy"]
[WhiteFideId "1510045"]
[BlackFideId "24131750"]
[WhiteElo "2586"]
[BlackElo "2370"]
[Result "0-1"]
[Round "5"]
[TimeControl "180+2"]
[Date "2023.06.20"]
[WhiteClock "0:00:00"]
[BlackClock "0:00:27"]
[Board "24"]

1. e4 c5 2. Nc3 d6 3. f4 Nc6 4. Nf3 e6 5. Bb5 Bd7 6. d4 cxd4 7. Nxd4 Nf6 8. Be3 Be7 9. O-O O-O 10. h3 Rc8 11. Nxc6 Bxc6 12. Bxc6 Rxc6 13. Qd3 a6 14. Rad1 Qc7 15. Bd4 b5 16. a3 Nd7 17. f5 Ne5 18. Bxe5 dxe5 19. fxe6 fxe6 20. Rxf8+ Bxf8 21. Rf1 Bc5+ 22. Kh1 Bd4 23. Qf3 Qe7 24. Qd3 Bxc3 25. bxc3 h6 26. Qg3 Qxa3 27. Qxe5 Qxc3 28. Qb8+ Rc8 29. Qb7 Qc6 30. Qf7+ Kh8 31. e5 a5 32. Qg6 a4 33. Rf7 Rg8 34. Ra7 b4 35. Kh2 a3 36. Qd3 Qc5 37. Ra6 Qxe5+ 38. Kh1 Qb2 39. Qc4 e5 0-1


[Site "https://www.chess.com"]

[Event "Titled Tuesday Blitz June 20 Late 2023"]
[White "Amburgy, Ryan"]
[Black "Steinberg, Nitzan"]
[WhiteFideId "30924820"]
[BlackFideId "2801795"]
[WhiteElo "2134"]
[BlackElo "2486"]
[Result "0-1"]
[Round "5"]
[TimeControl "180+2"]
[Date "2023.06.20"]
[WhiteClock "0:00:07"]
[BlackClock "0:00:42"]
[Board "25"]

1. d4 Nf6 2. c4 g6 3. Nc3 Bg7 4. e4 d6 5. Nf3 O-O 6. Be2 Nbd7 7. O-O e5 8. Be3 Re8 9. Qc2 c6 10. Rad1 Qc7 11. d5 cxd5 12. cxd5 a6 13. Rc1 b5 14. Bd3 Nh5 15. Ne2 Qd8 16. a4 bxa4 17. Qxa4 Nf4 18. Nxf4 exf4 19. Bxf4 Bxb2 20. Rb1 Nc5 21. Qc2 Bg7 22. Bg5 Qc7 23. Rfc1 Bg4 24. Be3 Bxf3 25. gxf3 Rec8 26. Bf1 Qe7 27. Qa2 Be5 28. f4 Bg7 29. Bxc5 dxc5 30. e5 Bh6 31. Rc4 Bxf4 32. Bg2 Qxe5 33. h3 Qd6 34. Re1 Be5 35. Rce4 Bd4 36. Qc4 Rab8 37. Re7 Qf6 38. R1e2 Rb1+ 39. Bf1 Qg5+ 0-1


[Site "https://www.chess.com"]

[Event "Titled Tuesday Blitz June 20 Late 2023"]
[White "Sanal, Vahap"]
[Black "Spata, German"]
[WhiteFideId "6300545"]
[BlackFideId "113026"]
[WhiteElo "2606"]
[BlackElo "2260"]
[Result "1-0"]
[Round "5"]
[TimeControl "180+2"]
[Date "2023.06.20"]
[WhiteClock "0:00:22"]
[BlackClock "0:00:00"]
[Board "26"]

1. e4 e6 2. d4 d5 3. Nc3 dxe4 4. Nxe4 Nd7 5. Nf3 Ngf6 6. Nxf6+ Nxf6 7. Ne5 Nd7 8. Bd3 Nxe5 9. dxe5 Qd5 10. Qe2 Bd7 11. Bg5 Bc6 12. f3 Bc5 13. Be4 Qd4 14. c3 Qa4 15. b3 Qa3 16. Bxc6+ bxc6 17. Bc1 Qa5 18. b4 Bxb4 19. cxb4 Qxb4+ 20. Bd2 Qb2 21. O-O Rd8 22. Rfd1 O-O 23. Qe1 Rd5 24. Bf4 Rfd8 25. Rxd5 cxd5 26. Rc1 h6 27. h4 d4 28. Kh2 d3 29. Qd2 Qb6 30. Rc3 Qd4 31. Rxc7 Rd7 32. Rxd7 Qxd7 33. Kg3 Qd5 34. a4 a6 35. a5 h5 36. Qc3 Kh7 37. Be3 Kg6 38. Bd4 f5 39. Qxd3 Kf7 40. Qc3 Kg6 41. Kf2 Qb5 42. Be3 Qd5 43. Kg3 Qb5 44. Bf4 Qd5 45. Kh2 Qb5 46. Bg3 Qd5 47. Qe3 Qxa5 48. Qg5+ Kf7 49. Qxh5+ Kg8 50. Qe8+ Kh7 51. Qh5+ Kg8 52. Qe8+ Kh7 53. Qxe6 Qb5 54. Qxf5+ Kg8 55. Qe6+ Kh7 56. Qd6 a5 57. e6 a4 58. e7 Qe8 59. Qd8 1-0


[Site "https://www.chess.com"]

[Event "Titled Tuesday Blitz June 20 Late 2023"]
[White "Martic, Ivan"]
[Black "Ibarra Jerez, Jose Carlos"]
[WhiteFideId "929301"]
[BlackFideId "2226332"]
[WhiteElo "2346"]
[BlackElo "2631"]
[Result "0-1"]
[Round "5"]
[TimeControl "180+2"]
[Date "2023.06.20"]
[WhiteClock "0:00:38"]
[BlackClock "0:00:23"]
[Board "27"]

1. d4 Nf6 2. Nf3 g6 3. Nbd2 Bg7 4. e4 O-O 5. Bd3 d6 6. c3 e5 7. O-O Nbd7 8. Re1 b6 9. Nf1 Re8 10. Ng3 Bb7 11. h3 exd4 12. cxd4 c5 13. d5 a6 14. Bg5 b5 15. Qd2 Qb6 16. Bc2 Rac8 17. Bh6 Bh8 18. Rad1 c4 19. Nd4 Nxd5 20. Ndf5 c3 21. bxc3 Bxc3 22. Qg5 Bxe1 23. Rxe1 Rxc2 24. Rf1 f6 25. Qh4 Nc3 26. Nh5 Nxe4 27. Be3 Qc6 28. Nh6+ Kf8 29. Nf4 Ng5 30. Ng4 Qxg2+ 31. Nxg2 Nf3+ 32. Kh1 Nxh4 33. Bh6+ Kf7 34. f3 Nxg2 0-1


[Site "https://www.chess.com"]